[ AOE2 MATCH · #467209651 ]
UnrankedMagyars vs Spanish
[ REPLAY ANALYSIS · EXTRACTED FROM THE RECORDED GAME ]
Feudal
11:26
Castle
—
Imperial
—
| APM avg | 17.3 |
| APM peak | 47 |
| eAPM avg | 9.9 |
| Villagers / military | 44 / 14 |
Focus
⚔️ 16.5% · 🌾 83.5%
Scout Cavalry ×14
Feudal
11:30
Castle
—
Imperial
—
| APM avg | 31.7 |
| APM peak | 137 |
| eAPM avg | 10.2 |
| Villagers / military | 45 / 7 |
Focus
⚔️ 16.0% · 🌾 84.0%
Militia ×4 · Spearman ×3
Feudal
12:25
Castle
—
Imperial
—
| APM avg | 36.6 |
| APM peak | 69 |
| eAPM avg | 14.9 |
| Villagers / military | 48 / 8 |
Focus
⚔️ 6.9% · 🌾 93.1%
Scout Cavalry ×6 · Spearman ×2
Feudal
10:22
Castle
—
Imperial
—
| APM avg | 13.9 |
| APM peak | 61 |
| eAPM avg | 6.0 |
| Villagers / military | 24 / 12 |
Focus
⚔️ 14.3% · 🌾 85.7%
Scout Cavalry ×12
Match map
Initial resources + every placement click. Lines = walls · curves = elevation contours. ◆ gold · ⬟ stone · ● berries · ✦ relic · ◌ wall gap
Inputs per minute
— Maru - - Sun.Tzu
Build order — Maru
103 actions detected in the replay
| 0:01 | Create | Villager (Male) |
| 0:02 | Create | Villager (Male) |
| 0:02 | Create | Villager (Male) |
| 0:02 | Create | Villager (Male) |
| 0:02 | Create | Villager (Male) |
| 0:04 | Build | House |
| 0:05 | Build | House |
| 1:29 | Create | Villager (Male) |
| 2:02 | Create | Villager (Male) |
| 2:02 | Create | Villager (Male) |
| 2:34 | Create | Villager (Male) |
| 2:34 | Create | Villager (Male) |
| 3:05 | Create | Villager (Male) |
| 3:05 | Create | Villager (Male) |
| 3:14 | Build | House |
| 3:15 | Build | House |
| 3:24 | Create | Villager (Male) |
| 3:24 | Create | Villager (Male) |
| 3:33 | Build | Lumber Camp |
| 3:43 | Create | Villager (Male) |
| 3:44 | Create | Villager (Male) |
| 4:17 | Create | Villager (Male) |
| 4:17 | Create | Villager (Male) |
| 4:17 | Create | Villager (Male) |
| 4:52 | Create | Villager (Male) |
| 5:15 | Create | Villager (Male) |
| 5:16 | Create | Villager (Male) |
| 5:40 | Build | Mill |
| 5:58 | Create | Villager (Male) |
| 6:17 | Create | Villager (Male) |
| 6:31 | Create | Villager (Male) |
| 7:18 | Create | Villager (Male) |
| 7:31 | Build | Barracks |
| 7:49 | Create | Villager (Male) |
| 8:12 | Create | Villager (Male) |
| 8:22 | Build | Mill |
| 8:40 | Create | Villager (Male) |
| 9:16 | Research | Feudal Age |
| 9:26 | Build | House |
| 9:27 | Build | House |
| 9:28 | Build | House |
| 11:01 | Build | House |
| 11:16 | Build | Farm |
| 11:22 | Build | Farm |
| 11:24 | Build | Farm |
| 11:25 | Build | Farm |
| 11:26 | Age | Feudal Age |
| 11:27 | Build | Farm |
| 11:36 | Build | Stable |
| 11:39 | Create | Villager (Male) |
| 11:40 | Create | Villager (Male) |
| 12:22 | Create | Scout Cavalry |
| 12:22 | Create | Scout Cavalry |
| 12:22 | Create | Scout Cavalry |
| 12:23 | Create | Scout Cavalry |
| 12:23 | Create | Scout Cavalry |
| 12:41 | Build | Stable |
| 12:49 | Create | Villager (Male) |
| 12:49 | Create | Villager (Male) |
| 12:55 | Research | Double-Bit Axe |
| 13:26 | Research | Bloodlines |
| 13:33 | Build | Mining Camp |
| 13:37 | Create | Villager (Male) |
| 13:41 | Create | Scout Cavalry |
| 13:41 | Create | Scout Cavalry |
| 14:03 | Create | Villager (Male) |
| 14:04 | Create | Villager (Male) |
| 14:06 | Build | Farm |
| 14:31 | Build | Farm |
| 14:36 | Build | Farm |
| 14:37 | Build | Farm |
| 14:39 | Build | Farm |
| 14:40 | Build | Farm |
| 14:49 | Build | Farm |
| 15:01 | Build | Farm |
| 15:03 | Create | Villager (Male) |
| 15:05 | Create | Scout Cavalry |
| 15:05 | Create | Scout Cavalry |
| 15:06 | Create | Scout Cavalry |
| 15:22 | Build | Farm |
| 15:24 | Create | Villager (Male) |
| 15:31 | Build | Farm |
| 15:53 | Create | Villager (Male) |
| 15:56 | Build | Farm |
| 16:43 | Build | Blacksmith |
| 16:45 | Create | Villager (Male) |
| 16:45 | Create | Villager (Male) |
| 16:46 | Create | Villager (Male) |
| 16:49 | Build | House |
| 16:50 | Build | House |
| 16:52 | Build | House |
| 18:15 | Create | Scout Cavalry |
| 18:15 | Create | Scout Cavalry |
| 18:16 | Create | Scout Cavalry |
| 18:16 | Create | Scout Cavalry |
| 18:22 | Build | Mill |
| 18:24 | Build | Farm |
| 18:25 | Build | Farm |
| 18:28 | Build | Farm |
| 18:29 | Build | Farm |
| 18:32 | Create | Villager (Male) |
| 18:33 | Create | Villager (Male) |
| 18:36 | Research | Scale Barding Armor |
Build order — Sun.Tzu
92 actions detected in the replay
| 0:03 | Create | Villager (Male) |
| 0:05 | Build | House |
| 0:08 | Build | House |
| 0:25 | Create | Villager (Male) |
| 0:25 | Create | Villager (Male) |
| 0:25 | Create | Villager (Male) |
| 0:25 | Create | Villager (Male) |
| 0:42 | Build | House |
| 0:44 | Build | House |
| 0:47 | Build | Mill |
| 1:23 | Research | Loom |
| 1:50 | Create | Villager (Male) |
| 1:51 | Create | Villager (Male) |
| 2:15 | Create | Villager (Male) |
| 2:15 | Create | Villager (Male) |
| 2:47 | Create | Villager (Male) |
| 3:30 | Create | Villager (Male) |
| 3:30 | Create | Villager (Male) |
| 3:30 | Create | Villager (Male) |
| 3:31 | Create | Villager (Male) |
| 3:51 | Create | Villager (Male) |
| 4:13 | Create | Villager (Male) |
| 4:13 | Create | Villager (Male) |
| 4:26 | Create | Villager (Male) |
| 4:27 | Create | Villager (Male) |
| 4:27 | Create | Villager (Male) |
| 5:05 | Create | Villager (Male) |
| 5:05 | Create | Villager (Male) |
| 5:38 | Create | Villager (Male) |
| 5:39 | Create | Villager (Male) |
| 5:39 | Create | Villager (Male) |
| 6:22 | Create | Villager (Male) |
| 6:22 | Create | Villager (Male) |
| 6:22 | Create | Villager (Male) |
| 6:22 | Create | Villager (Male) |
| 6:55 | Create | Villager (Male) |
| 6:56 | Create | Villager (Male) |
| 6:56 | Create | Villager (Male) |
| 7:37 | Create | Villager (Male) |
| 7:53 | Build | Lumber Camp |
| 7:56 | Create | Villager (Male) |
| 7:56 | Create | Villager (Male) |
| 8:42 | Create | Villager (Male) |
| 9:16 | Research | Feudal Age |
| 9:27 | Build | Barracks |
| 9:41 | Build | House |
| 9:43 | Build | House |
| 9:45 | Build | House |
| 9:49 | Create | Militia |
| 9:50 | Create | Militia |
| 10:35 | Build | Mining Camp |
| 11:07 | Create | Militia |
| 11:20 | Build | House |
| 11:22 | Build | House |
| 11:23 | Build | House |
| 11:25 | Build | House |
| 11:26 | Build | House |
| 11:30 | Create | Villager (Male) |
| 11:30 | Age | Feudal Age |
| 11:34 | Research | Man-at-Arms (upgrade) |
| 11:45 | Research | Gold Mining |
| 12:22 | Create | Villager (Male) |
| 12:22 | Create | Villager (Male) |
| 13:11 | Create | Villager (Male) |
| 13:11 | Create | Villager (Male) |
| 13:12 | Create | Villager (Male) |
| 13:32 | Research | Horse Collar |
| 13:50 | Build | Mill |
| 14:07 | Build | Palisade Wall |
| 14:10 | Build | Palisade Wall |
| 14:14 | Build | Building 796 |
| 14:23 | Build | Farm |
| 14:23 | Build | Farm |
| 14:24 | Build | Farm |
| 14:24 | Build | Farm |
| 14:24 | Build | Farm |
| 14:24 | Build | Farm |
| 14:24 | Build | Farm |
| 14:25 | Build | Farm |
| 14:25 | Build | Farm |
| 14:25 | Build | Farm |
| 14:25 | Build | Farm |
| 14:26 | Build | Farm |
| 14:26 | Build | Farm |
| 14:26 | Build | Farm |
| 15:06 | Create | Villager (Male) |
| 15:53 | Create | Spearman |
| 15:53 | Create | Spearman |
| 16:59 | Create | Villager (Male) |
| 17:17 | Create | Spearman |
| 17:34 | Create | Villager (Male) |
| 17:44 | Create | Militia |
Build order — jose_m_cid
97 actions detected in the replay
| 0:06 | Build | House |
| 0:09 | Build | House |
| 0:13 | Create | Villager (Male) |
| 0:13 | Create | Villager (Male) |
| 0:13 | Create | Villager (Male) |
| 0:14 | Create | Villager (Male) |
| 0:14 | Create | Villager (Male) |
| 1:34 | Create | Villager (Male) |
| 1:34 | Create | Villager (Male) |
| 2:06 | Create | Villager (Male) |
| 2:07 | Create | Villager (Male) |
| 2:29 | Create | Villager (Male) |
| 2:29 | Create | Villager (Male) |
| 2:40 | Create | Villager (Male) |
| 2:40 | Create | Villager (Male) |
| 2:59 | Build | Lumber Camp |
| 3:07 | Create | Villager (Male) |
| 3:07 | Create | Villager (Male) |
| 3:12 | Build | House |
| 3:13 | Build | House |
| 3:16 | Create | Villager (Male) |
| 3:16 | Create | Villager (Male) |
| 3:49 | Create | Villager (Male) |
| 3:50 | Create | Villager (Male) |
| 4:28 | Create | Villager (Male) |
| 4:29 | Create | Villager (Male) |
| 4:29 | Create | Villager (Male) |
| 4:49 | Create | Villager (Male) |
| 4:49 | Create | Villager (Male) |
| 5:26 | Create | Villager (Male) |
| 5:27 | Create | Villager (Male) |
| 5:46 | Build | Mill |
| 5:54 | Build | House |
| 5:58 | Build | House |
| 6:51 | Create | Villager (Male) |
| 6:51 | Create | Villager (Male) |
| 6:52 | Create | Villager (Male) |
| 6:52 | Create | Villager (Male) |
| 6:52 | Create | Villager (Male) |
| 6:53 | Create | Villager (Male) |
| 7:05 | Build | Mill |
| 8:23 | Build | Barracks |
| 8:42 | Create | Villager (Male) |
| 9:08 | Research | Loom |
| 9:16 | Build | Mill |
| 9:45 | Create | Villager (Male) |
| 10:16 | Research | Feudal Age |
| 10:20 | Build | Mining Camp |
| 10:36 | Create | Villager (Male) |
| 12:25 | Age | Feudal Age |
| 12:34 | Build | Mill |
| 12:42 | Create | Spearman |
| 12:42 | Create | Spearman |
| 12:49 | Build | Stable |
| 12:57 | Build | Blacksmith |
| 13:21 | Create | Villager (Male) |
| 13:21 | Create | Villager (Male) |
| 13:22 | Create | Villager (Male) |
| 13:32 | Create | Scout Cavalry |
| 13:32 | Create | Scout Cavalry |
| 13:33 | Create | Scout Cavalry |
| 13:36 | Research | Scale Barding Armor |
| 14:12 | Create | Villager (Male) |
| 14:13 | Create | Villager (Male) |
| 15:41 | Research | Bloodlines |
| 15:41 | Create | Scout Cavalry |
| 15:41 | Create | Scout Cavalry |
| 15:42 | Create | Scout Cavalry |
| 15:45 | Build | Farm |
| 15:46 | Build | Farm |
| 15:46 | Build | Farm |
| 15:46 | Build | Farm |
| 15:47 | Build | Farm |
| 15:48 | Build | Farm |
| 15:52 | Build | Farm |
| 15:52 | Build | Farm |
| 15:52 | Build | Farm |
| 15:53 | Build | Farm |
| 15:53 | Build | Farm |
| 15:53 | Build | Farm |
| 15:53 | Build | Farm |
| 15:54 | Build | Farm |
| 15:55 | Create | Villager (Male) |
| 15:56 | Create | Villager (Male) |
| 16:41 | Build | Farm |
| 16:53 | Build | Farm |
| 16:54 | Build | Farm |
| 17:05 | Create | Villager (Male) |
| 17:05 | Create | Villager (Male) |
| 17:05 | Create | Villager (Male) |
| 17:10 | Build | Farm |
| 17:19 | Build | Market |
| 17:21 | Create | Villager (Male) |
| 17:30 | Create | Villager (Male) |
| 17:33 | Build | Farm |
| 18:07 | Create | Villager (Male) |
| 18:10 | Build | Farm |
Build order — jsebastien.philippe
61 actions detected in the replay
| 0:08 | Create | Villager (Male) |
| 0:40 | Build | House |
| 0:45 | Build | House |
| 1:12 | Create | Villager (Male) |
| 1:14 | Create | Villager (Male) |
| 1:14 | Create | Villager (Male) |
| 1:58 | Create | Villager (Male) |
| 2:23 | Build | Lumber Camp |
| 3:00 | Create | Villager (Male) |
| 3:02 | Create | Villager (Male) |
| 3:40 | Create | Villager (Male) |
| 4:15 | Create | Villager (Male) |
| 4:59 | Create | Villager (Male) |
| 5:34 | Build | Mill |
| 5:38 | Create | Villager (Male) |
| 5:52 | Build | House |
| 7:21 | Create | Villager (Male) |
| 8:12 | Research | Feudal Age |
| 8:46 | Build | Farm |
| 8:54 | Build | Farm |
| 8:55 | Build | Farm |
| 10:22 | Age | Feudal Age |
| 10:26 | Create | Villager (Male) |
| 10:28 | Create | Villager (Male) |
| 10:30 | Create | Villager (Male) |
| 10:32 | Create | Villager (Male) |
| 11:01 | Build | Barracks |
| 11:25 | Research | Double-Bit Axe |
| 11:38 | Create | Villager (Male) |
| 12:13 | Build | House |
| 12:53 | Build | Stable |
| 13:13 | Create | Villager (Male) |
| 13:15 | Create | Villager (Male) |
| 13:18 | Create | Villager (Male) |
| 13:21 | Create | Villager (Male) |
| 13:24 | Create | Villager (Male) |
| 13:42 | Build | Farm |
| 13:52 | Build | House |
| 13:56 | Create | Scout Cavalry |
| 13:57 | Create | Scout Cavalry |
| 13:58 | Create | Scout Cavalry |
| 13:59 | Create | Scout Cavalry |
| 14:00 | Create | Scout Cavalry |
| 14:01 | Create | Scout Cavalry |
| 14:02 | Create | Scout Cavalry |
| 14:17 | Build | Farm |
| 14:31 | Build | Farm |
| 14:37 | Build | Farm |
| 14:41 | Build | Farm |
| 14:47 | Build | Farm |
| 15:23 | Build | Farm |
| 15:32 | Build | Farm |
| 15:57 | Build | House |
| 16:42 | Create | Scout Cavalry |
| 16:42 | Create | Scout Cavalry |
| 16:42 | Create | Scout Cavalry |
| 16:43 | Create | Scout Cavalry |
| 16:43 | Create | Scout Cavalry |
| 16:54 | Create | Villager (Male) |
| 16:54 | Create | Villager (Male) |
| 17:43 | Build | Watch Tower |
Match timeline
| 7:31 | Maru · first_building Barracks |
| 8:23 | jose_m_cid · first_building Barracks |
| 9:27 | Sun.Tzu · first_building Barracks |
| 10:22 | jsebastien.philippe · age_up feudal |
| 11:01 | jsebastien.philippe · first_building Barracks |
| 11:26 | Maru · age_up feudal |
| 11:30 | Sun.Tzu · age_up feudal |
| 11:36 | Maru · first_building Stable |
| 12:25 | jose_m_cid · age_up feudal |
| 12:49 | jose_m_cid · first_building Stable |
| 12:53 | jsebastien.philippe · first_building Stable |
| 14:07 | Sun.Tzu · wall_segment Palisade Wall x8 |
| 14:10 | Sun.Tzu · wall_segment Palisade Wall x3 |
| 17:55 | jsebastien.philippe · resign |
[ AI ANALYSIS · 1 CREDIT ]
What really happened in this match?
Wolo.gg analyzes every decision: build order, eco, micro, common mistakes by bracket. Personalized analysis on WhatsApp or Discord in 30 seconds.
Civ guide
Magyars
Perfil
Jugador #24048085